 Dungeon Crawl Stone Soup version 0.20.1-1-g8b1a95d (webtiles) character file.

60 Dfrag the Firebug (level 3, -3/24 HPs)
             Began as a Demonspawn Fire Elementalist on Oct 7, 2017.
             Slain by Sigmund
             ... wielding a +2 scythe of slicing
              (5 damage)
             ... on level 3 of the Dungeon.
             The game lasted 00:08:06 (2084 turns).

Dfrag the Firebug (Demonspawn Fire Elementalist)    Turns: 2084, Time: 00:08:07

Health: -3/24      AC:  3    Str:  8    XL:     3   Next: 80%
Magic:  0/6        EV: 11    Int: 17    God:
Gold:   143        SH:  0    Dex: 13    Spells: 3/7 levels left

rFire    . . .     SeeInvis .   n - +0 mace
rCold    . . .     Gourm    .   (no shield)
rNeg     . . .     Faith    .   a - +0 robe
rPois    .         Spirit   +   (no helmet)
rElec    .         Reflect  .   (no cloak)
rCorr    .         Harm     .   (no gloves)
MR       .....                  m - +0 pair of boots
Stlth    ++........             (no amulet)
Regen    0.1/turn               h - ring of wizardry
MPRegen  0.1/turn               l - ring of flight

@: drained
A: magic shield
a: Evoke Flight


You were on level 3 of the Dungeon.
You were not hungry.

You visited 1 branch of the dungeon, and saw 3 of its levels.

You collected 143 gold pieces.

Inventory:

Hand Weapons
 n - a +0 mace (weapon)
 q - a +0 long sword
Armour
 a - a +0 robe (worn)
 m - a +0 pair of boots (worn)
Jewellery
 g - an uncursed amulet of harm
 h - a ring of wizardry (left hand)
 l - a ring of flight (right hand)
Wands
 p - a wand of paralysis (10/24)
Scrolls
 i - a scroll of blinking {unknown}
 j - a scroll of enchant armour {unknown}
 k - a scroll of teleportation {unknown}
 u - a scroll of magic mapping {unknown}
Potions
 d - 2 potions of mutation {unknown}
 e - 2 potions of haste {unknown}
 f - a potion of cancellation {unknown}
 o - 2 potions of lignification {unknown}
 s - 2 potions of flight {unknown}
 t - a potion of degeneration {unknown}
Books
 b - a book of Flames

   Spells                             Type                      Level
   a - Flame Tongue                   Conjuration/Fire             1
   b - Throw Flame                    Conjuration/Fire             2
   c - Conjure Flame                  Conjuration/Fire             3
   d - Inner Flame                    Hexes/Fire                   3
   e - Sticky Flame                   Conjuration/Fire             4
   f - Fireball                       Conjuration/Fire             5
 r - a book of Cantrips

   Spells                             Type                      Level
   a - Confusing Touch                Hexes                        1
   b - Animate Skeleton               Necromancy                   1
   c - Summon Small Mammal            Summoning                    1
   d - Apportation                    Translocation                1
Comestibles
 c - a bread ration
 v - a chunk of flesh


   Skills:
 + Level 0.2(0.0) Fighting
 - Level 1.7(0.7) Dodging
 - Level 1.7(0.7) Stealth
 + Level 0.1(0.0) Unarmed Combat
 + Level 2.6(1.6) Spellcasting
 + Level 1.5(0.5) Conjurations
 + Level 3.6(2.6) Fire Magic


You had 3 spell levels left.
You knew the following spells:

 Your Spells              Type           Power        Failure   Level  Hunger
a - Flame Tongue          Conj/Fire      #....        4%          1    ##.....
b - Conjure Flame         Conj/Fire      #.......     13%         3    ####...


Dungeon Overview and Level Annotations

Branches:
Dungeon (3/15)

Altars:
Zin

Annotations:
D:3 Sigmund


Innate Abilities, Weirdness & Mutations

When hurt, damage is shared between your health and your magic reserves.


Message History

The worm is engulfed in blazing flames.
You kill the worm!
Casting: Flame Tongue
Confirm with . or Enter, or press ? or * to list all spells.
You don't have enough magic to cast that spell.
Unknown command.
Unknown command.
A dart slug comes into view.
The dart slug closely misses you.
Found 13 gold pieces and a chain mail.
You hit the dart slug.
The dart slug is heavily wounded.
A magic dart appears from out of thin air!
The magic dart hits you! The dart slug bites you.
You hit the dart slug but do no damage.
The dart slug is heavily wounded.
Something hits you!
Ouch! That really hurt!
* * * LOW HITPOINT WARNING * * *
You die...

#[.# #≈ #..# ..
#≈.. #..# ...#.≈≈
$.# ........#...
..# .......#.#.. #
#.# ..........#.#.
#w#
......##.#.#.###@#
......##......{..#
......#####.w#####
#.....?...##.#
......# #.##.#
###)### #...w##
#(# ####..### #(#
##....## ###(#
#......#


You could see a worm and a dart slug.

Vanquished Creatures
  3 adders
  2 worms
  A dart slug (D:1)
  A leopard gecko (D:2)
  A ball python (D:1)
  2 bats
  A giant cockroach (D:1)
  4 goblins
  3 hobgoblins
  A frilled lizard (D:2)
  4 kobolds
  3 rats
26 creatures vanquished.

Notes
Turn   | Place    | Note
-------+----------+-------------------------------------------
     0 | D:1      | Dfrag the Demonspawn Fire Elementalist began the quest for the Orb.
     0 | D:1      | Reached XP level 1. HP: 13/13 MP: 3/3
   381 | D:1      | Reached skill level 3 in Fire Magic
   382 | D:1      | Gained mutation: When hurt, damage is shared between your health and your magic reserves. [demonic ancestry]
   382 | D:1      | Reached XP level 2. HP: 14/19 MP: 0/5
   799 | D:2      | Reached XP level 3. HP: 21/24 MP: 1/6
   905 | D:2      | You fall through a shaft!
   958 | D:3      | Noticed Sigmund
  1281 | D:2      | Found a glowing silver altar of Zin.
  1606 | D:2      | HP: 1/24 [worm (2)]
  2073 | D:3      | Learned a level 3 spell: Conjure Flame
  2084 | D:3      | Slain by Sigmund

Skill      XL: |  1 |
---------------+----+-----
Fire Magic     | 3 |  3.6
Fighting       | |  0.2
Dodging        | |  1.7
Stealth        | |  1.7
Unarmed Combat | |  0.1
Spellcasting   | |  2.6
Conjurations   | |  1.5

Action                   || total
-------------------------++-------
Melee: Unarmed           ||    13
       Mace              ||    45
 Cast: Flame Tongue      ||    54
       Conjure Flame     ||     1
Evoke: Wand              ||     2
 Stab: Paralysed         ||     8
       Sleeping          ||     1
  Eat: Bread ration      ||     1
       Chunk             ||     1
Armor: Robe              ||    20
Dodge: Dodged            ||    70
